 Dungeon Crawl Stone Soup version 0.29-b1-12-g9e2288ab2a (webtiles) character file.

Game seed: 9183143766779864229

2408 LynnLen the Jinx (level 9, -1/55 HPs)
             Began as a Vampire Enchanter on Aug 24, 2022.
             Was a Follower of Nemelex Xobeh.
             Slain by a two-headed ogre
             ... wielding a +0 giant club
              (20 damage)
             ... on level 7 of the Dungeon.
             The game lasted 00:28:05 (10738 turns).

LynnLen the Jinx (Vampire Enchanter)               Turns: 10738, Time: 00:28:05

Health: -1/55      AC:  3    Str:  5 (7)  XL:     9   Next: 23%
Magic:  0/23       EV: 12    Int: 20 (22) God:    Nemelex Xobeh [*.....]
Gold:   273        SH:  3    Dex: 14      Spells: 4/15 levels left

rFire   . . .      SeeInvis +   a - +4 dagger
rCold   + + .      Faith    .   A - +0 buckler
rNeg    + + +      Spirit   +   b - +0 robe
rPois   ∞          Reflect  .   m - +0 helmet
rElec   .          Harm     .   (no cloak)
rCorr   .          Rampage  .   (no gloves)
Will    .....                   (no boots)
Stlth   +++.......              d - amulet of guardian spirit
HPRegen 0.00/turn               y - ring of magical power
MPRegen 0.18/turn               (no ring)

@: bloodless, inhibited regen, very slow
A: bloodless, fangs 3, see invisible, vampiric 2
a: Bat Form, Revivify, Renounce Religion, Draw Escape, Draw Destruction, Draw
Summoning


You were on level 7 of the Dungeon.
You worshipped Nemelex Xobeh.
Nemelex Xobeh was aware of your devotion.
You visited 2 branches of the dungeon, and saw 8 of its levels.

You collected 273 gold pieces.

Inventory:

Hand Weapons
 a - a +4 dagger (weapon)
 k - a +2 dagger of distortion
 v - a +2 short sword of flaming
Missiles
 e - 2 throwing nets
 g - 42 poisoned darts
 x - 59 stones
 z - 13 boomerangs
Armour
 b - a +0 robe (worn)
 m - a +0 helmet (worn)
 A - a +0 buckler (worn)
Jewellery
 d - an amulet of guardian spirit (around neck)
 w - an amulet of reflection
 y - a ring of magical power (left hand)
 D - an amulet of the acrobat
 G - an amulet of regeneration
Wands
 C - a wand of mindburst (5)
 H - a wand of flame (12)
Scrolls
 j - 2 scrolls of poison {unknown}
 l - 2 scrolls of fog
 q - a scroll of noise {unknown}
 r - a scroll of amnesia
 s - a scroll of vulnerability {unknown}
 B - 2 scrolls of silence {unknown}
 E - a scroll of identify
Potions
 c - 2 potions of invisibility
 f - a potion of mutation
 h - 6 potions of curing
 i - 2 potions of flight
 n - a potion of lignification {unknown}
 o - a potion of haste {unknown}
 p - 2 potions of berserk rage {unknown}
 t - a potion of cancellation {unknown}
 u - a potion of magic {unknown}
 F - a potion of attraction {unknown}


   Skills:
 + Level 5.9 Fighting
 - Level 1.1 Short Blades
 - Level 2.1 Dodging
 + Level 7.2 Stealth
 + Level 3.8 Spellcasting
 + Level 1.8 Conjurations
 + Level 10.4 Hexes
 - Level 4.0 Ice Magic
 + Level 3.0 Invocations


You had 4 spell levels left.
You knew the following spells:

 Your Spells              Type           Power      Damage    Failure   Level
a - Ensorcelled Hibernat  Hex/Ice        64%        N/A       1%          2
b - Confusing Touch       Hex            45%        N/A       1%          3
c - Tukima's Dance        Hex            45%        N/A       1%          3
d - Dazzling Flash        Conj/Hex       56%        N/A       4%          3

Your spell library contained the following spells:

 Spells                   Type           Power      Damage    Failure   Level
 Inner Flame              Hex/Fire       24%        N/A       6%          3
 Portal Projectile        Hex/Tloc       48%        N/A       6%          3
 Foxfire                  Conj/Fire      28%        2x1d5     12%         1
 Leda's Liquefaction      Hex/Erth       12%        N/A       21%         4
 Conjure Flame            Conj/Fire      7%         6-21      36%         3
 Call Canine Familiar     Summ           3%         N/A       47%         3
 Flame Wave               Conj/Fire      7%         2d5       77%         4
 Freezing Cloud           Conj/Ice/Air   5%         6-21      91%         5
 Simulacrum               Ice/Necr       5%         N/A       100%        6
 Polar Vortex             Ice            9%         N/A       100%        9


Dungeon Overview and Level Annotations

Branches:
Dungeon (7/15)             Temple (1/1) D:4

Altars:
Ashenzari
Cheibriados
Dithmenos
Fedhas
Gozag
Hepliaklqana
Kikubaaqudgha
Makhleb
Nemelex Xobeh
Okawaru
Qazlal
Ru
Sif Muna
Trog
Uskayaw
Vehumet
Wu Jian
Xom
Yredelemnul

Annotations:
D:4 1 runed translucent door, worthlessgem's ghost, amateur FeTm
D:6 3 runed translucent doors, themarg's ghost, amateur GnTm; worthlessgem's ghost, amateur FeTm


Innate Abilities, Weirdness & Mutations

You do not regenerate when monsters are visible.
You are frail without blood (-20% HP).
You can heal yourself when you bite living creatures.
You are immune to poison.
You have razor-sharp teeth.
You have supernaturally acute eyesight. (SInv)
You are afflicted with vampirism and can become a bat while bloodless.


Message History

Moving in this stuff is going to be slow.
An orc wizard comes into view. It is wielding a +0 dagger.
An orc wizard is nearby!
Found a robe.
Found 8 stones.
The helpless orc wizard fails to defend itself.
You bite the orc wizard, and draw its blood!
You impale the orc wizard!!
You kill the orc wizard!
Things that are here:
a +0 dagger; a +0 robe; an orc corpse You enter the shallow water.
Moving in this stuff is going to be slow.
A bullfrog comes into view.
The helpless bullfrog fails to defend itself.
You bite the bullfrog, and draw its blood!
You impale the bullfrog!!
You kill the bullfrog!
You feel your dexterity returning.
You see here a bullfrog corpse.
You enter the shallow water.
Moving in this stuff is going to be slow.
A two-headed ogre comes into view.
It is wielding a +0 giant club and a +0 giant spiked club.
The two-headed ogre moves out of view.
You enter the shallow water.
Moving in this stuff is going to be slow.
Aiming: Tukima's Dance (safe; 1% risk of failure)
Press: ? - help, Q - select action, (/) - cycle Shift-Dir - straight line, f - two-headed ogre
Aim: a two-headed ogre, wielding a +0 giant club and a +0 giant spiked club (chance to affect: 51%)
The two-headed ogre resists with significant effort.
You see here a bullfrog corpse.
You enter the shallow water.
Moving in this stuff is going to be slow.
The two-headed ogre hits you with a +0 giant club!!
The two-headed ogre misses you.
The two-headed ogre attacks as you move away!
The two-headed ogre hits you with a +0 giant club!!
The two-headed ogre hits you with a +0 giant spiked club!!
You die...
Your body disappears without a glow.

...##...~~##+ ##†#))# #.#
#.##..#### #.#..# #.#
#.### #.....#.#<)# #.#
#.#.# #.~..P#.#..# #.#
#.#.#.....#(PP..#~#..# #.#
....#P..PP#(~[.~#~#..# #.#
....#.~P~(#S≈.≈≈#~#..# #..
....#~~(?!##≈S≈##O#..##
###
..###≈≈.S≈######@##...##
...###SS≈##~~..)##.....##
.....#####~######.......##
.....'..~~## #.........#
.....####### ##.......##
.....# #.# ##.....##
##.#.# #.# ##.>.## .....#
#.# ##..# .....## #.# ##.#


You could see a two-headed ogre.

Vanquished Creatures
  2 water moccasins (D:7)
  Duvessa (D:5)
  3 black bears
  An ogre (D:6)
  A centaur (D:7)
  A phantom (D:4)
  2 kobold brigands
  2 bullfrogs (D:7)
  2 necrophages
  A gnoll sergeant (D:5)
  3 scorpions (D:6)
  Dowan (D:5)
  3 hounds
  A jelly (D:5)
  5 orc priests
  A gnoll bouda (D:5)
  3 iguanas (D:5)
  Natasha (twice) (D:3)
  6 orc wizards
  8 gnolls
  6 adders
  A shadow imp (D:6)
  4 white imps
  An ufetubus (D:5)
  3 dart slugs
  20 orcs
  5 ball pythons
  5 bats
  5 endoplasms
  2 giant cockroaches (D:1)
  12 goblins
  7 hobgoblins
  4 quokkas
  A frilled lizard (D:3)
  11 kobolds
  5 rats
141 creatures vanquished.

Vanquished Creatures (collateral kills)
  A gnoll bouda (D:7)
  7 gnolls
8 creatures vanquished.

Vanquished Creatures (others)
  3 dancing weapons (D:5)
3 creatures vanquished.

Grand Total: 152 creatures vanquished

Notes
Turn   | Place    | Note
-------+----------+-------------------------------------------
     0 | D:1      | LynnLen the Vampire Enchanter began the quest for the Orb.
     0 | D:1      | Reached XP level 1. HP: 13/13 MP: 3/3
   499 | D:1      | Reached skill level 1 in Fighting
   499 | D:1      | Reached XP level 2. HP: 4/16 MP: 1/5
   901 | D:1      | Reached skill level 5 in Hexes
  1479 | D:1      | Learned a level 2 spell: Ensorcelled Hibernation
  1887 | D:2      | Gained mutation: You are afflicted with vampirism and can
                  | become a bat while bloodless. [Vampire growth]
  1887 | D:2      | Reached XP level 3. HP: 20/20 MP: 6/6
  1891 | D:2      | Learned a level 3 spell: Confusing Touch
  2767 | D:3      | Noticed Natasha
  3142 | D:3      | Found a sacrificial altar of Ru.
  3146 | D:3      | Reached XP level 4. HP: 26/26 MP: 7/7
  3150 | D:3      | Reached skill level 6 in Hexes
  3177 | D:3      | Killed Natasha
  3480 | D:3      | Found a faded altar of an unknown god.
  3731 | D:3      | Noticed Natasha
  3747 | D:3      | Killed Natasha
  3748 | D:3      | Reached XP level 5. HP: 25/32 MP: 8/8
  3921 | D:4      | Noticed a phantom
  4007 | D:4      | Found a runed translucent door.
  4013 | D:4      | Noticed worthlessgem's ghost (amateur FeTm)
  4142 | D:5      | Entered Level 5 of the Dungeon
  4253 | D:5      | Learned a level 3 spell: Tukima's Dance
  4434 | D:5      | Reached skill level 7 in Hexes
  4783 | D:4      | Killed a phantom
  4784 | D:4      | Reached skill level 1 in Ice Magic
  4784 | D:4      | Reached XP level 6. HP: 26/37 MP: 9/9
  5108 | D:4      | Found a staircase to the Ecumenical Temple.
  5117 | Temple   | Entered the Ecumenical Temple
  5117 | Temple   | Found a transporter.
  5117 | Temple   | Found a transporter.
  5119 | Temple   | Found a transporter.
  5119 | Temple   | Found a transporter.
  5193 | Temple   | Became a worshipper of Nemelex Xobeh the Trickster
  5337 | D:4      | Reached skill level 8 in Hexes
  5588 | D:5      | Reached XP level 7. HP: 39/43 MP: 10/10
  5642 | D:5      | Noticed Duvessa
  5650 | D:5      | Noticed Dowan
  5686 | D:5      | Killed Dowan
  5691 | D:5      | Killed Duvessa
  6280 | D:5      | Reached skill level 9 in Hexes
  7246 | D:5      | Reached skill level 5 in Fighting
  7246 | D:5      | Reached skill level 1 in Invocations
  7246 | D:5      | Reached XP level 8. HP: 40/49 MP: 10/11
  7387 | D:5      | Learned a level 3 spell: Dazzling Flash
  7422 | D:6      | Reached skill level 5 in Stealth
  8071 | D:6      | Found a runed translucent gate.
  8072 | D:6      | Found a runed translucent gate.
  8072 | D:6      | Found a runed translucent gate.
  8073 | D:6      | Noticed worthlessgem's ghost (amateur FeTm)
  8073 | D:6      | Noticed themarg's ghost (amateur GnTm)
  8075 | D:6      | Reached * piety under Nemelex Xobeh
  8621 | D:6      | Reached skill level 10 in Hexes
  8787 | D:6      | Reached skill level 1 in Conjurations
  9355 | D:7      | Received a gift from Nemelex Xobeh
  9597 | D:7      | Reached XP level 9. HP: 55/55 MP: 14/14
  9683 | D:7      | Found a blossoming altar of Fedhas.
 10184 | D:7      | Found a hide-covered altar of Uskayaw.
 10522 | D:7      | Found the +7 sceptre of Torment {pain, torment}
 10720 | D:7      | Noticed a two-headed ogre
 10738 | D:7      | Slain by a two-headed ogre

Illustrated notes

Levels and vault maps discovered:
D:1:      wheals_arrival_linesprint, layout_loops_cross, dk_noncrumbling_3
D:2:      layout_basic
D:3:      layout_basic, nicolae_ru_awakened_eye,
          ebering_ecumenical_altar_sacrificial, kennysheep_nondescript,
          grunt_decor_arrowhead, roderic_lattice_a, uniq_natasha
D:4:      layout_loops_ring, minmay_temple_entry_drinking_statues,
          hellmonk_ghost_happy_afterlife
D:5:      layout_loops_cross, uniq_duvessa
D:6:      layout_loops_corners, gammafunk_ghost_cemetery, st_stairs_13,
          minmay_ogre_servants
D:7:      cheibrodos_two_vegetables, layout_loops_ring,
          mainiacjoe_overflow_tiny_flanked, nicolae_uskayaw_dance_studio,
          hangedman_decor_lopped
Temple:   hellmonk_temple_divided_pantheon

Skill      XL: |  1  2  3  4  5  6  7  8  9 |
---------------+----------------------------+-----
Fighting       | 1 2 3 4 5 |  5.9
Hexes          | 5 6 7 8 9 10 | 10.4
Ice Magic      | 1 2 3 4 |  4.0
Invocations    | 1 2 3 |  3.0
Stealth        | 6 7 |  7.2
Spellcasting   | 3 |  3.8
Conjurations   | 1 |  1.8
Short Blades   | |  1.1
Dodging        | |  2.1

Action                   |  1- 3 |  4- 6 |  7- 9 || total
-------------------------+-------+-------+-------++-------
Melee: Dagger            |    95 |   118 |   361 ||   574
       Bite              |     6 |     9 |    48 ||    63
       Punch             |     1 |       |       ||     1
 Cast: Ensorcelled Hiber |     3 |     6 |    16 ||    25
       Tukima's Dance    |       |     8 |    23 ||    31
       Confusing Touch   |       |     3 |     5 ||     8
 Abil: Exsanguinate      |     1 |       |       ||     1
       End Transformatio |       |       |     1 ||     1
       Bat Form          |       |       |     1 ||     1
  Use: Scroll            |     5 |     5 |     2 ||    12
       Potion            |       |     1 |       ||     1
 Stab: Sleeping          |    16 |    16 |    22 ||    54
       Confused          |       |     3 |     3 ||     6
       Invisible         |       |     2 |       ||     2
       Distracted        |       |       |     2 ||     2
       Fleeing           |       |       |     1 ||     1
Armor: Robe              |    10 |    11 |    49 ||    70
Dodge: Dodged            |    48 |    79 |   226 ||   353
Block: Buckler           |       |       |    41 ||    41
